Workbook

Sheet A - DATOS GENERALES
A2: A. DATOS GENERALES
A4: EMPRESA
A5: DOMICILIO
A6: POBLACIÓN
A7: CÓDIGO POSTAL
A8: CIF
A9: TELÉFONO DE CONTACTO (FIJO)
A10: TELÉFONO DE CONTACTO (MÓVIL)
A11: CORREO ELECTRÓNICO
A12: PÁGINA WEB

Sheet B - DATOS CONTRATO GESTIÓN
B2: B.1. DATOS GENERALES
B4: CONTRATO PARA EL QUE SE SOLICITA SUBVENCIÓN
B5: NOMBRE DEL CONTRATO
B7: B.2. ITINERARIOS
B9: Se detallarán en el cuadro adjunto los itinerarios que se realizan, indicando la distancia total de cada ruta.
B11: NOMBRE RUTA | C11: ORIGEN | D11: DESTINO | E11: KM RUTA
A12: 1
A13: 2
A14: 3
A15: 4
A16: 5
A17: 6
A18: 7
A19: 8
A20: 9
A21: 10
A22: 11
A23: 12
... A71: 60
B73: B.3. PERSONAL DE CONDUCCIÓN
B75: Se relacionarán los conductores empleados en el servicio regular indicando lugar de residencia de los mismos
B77: CONDUCTOR (APELLIDOS Y NOMBRE) | C77: DNI/NIE | D77: LUGAR DE RESIDENCIA
A78: 1
A79: 2
A80: 3
A81: 4
A82: 5
A83: 6
A84: 7
A85: 8
A86: 9
A87: 10
A88: 11
A89: 12
... A277: 200
B279: B.4. VEHÍCULOS UTILIZADOS
B281: Se deberán incluir los datos de todos los vehículos utilizados en la prestación del contrato de gestión durante los meses de agosto de 2022 a enero de 2024
B283: Nº VEHÍCULO | C283: MATRICULA | D283: FECHA DE MATRICULACIÓN | E283: FECHA DE ADQUISICIÓN | F283: FECHA DE ADSCRIPCIÓN AL SERVICIO REGULAR | G283: MARCA Y MODELO DE CARROCERÍA | H283: MARCA Y MODELO DE MOTOR | I283: POTENCIA FISCAL | J283: NÚMERO DE ASIENTOS (INCLUIDO CONDUCTOR) | K283: NÚMERO DE NEUMÁTICOS | L283: TIPO (SERIE) DE NEUMÁTICOS EMPLEADOS | M283: CONSUMO DE COMBUSTIBLE (L/100 KM) | N283: KM RECORRIDOS TOTALES DE AGOSTO DE 2022 A ENERO DE 2024 | O283: KM RECORRIDOS EN SERVICIO (MINIMO CONCESIONAL) DE AGOSTO DE 2022 A ENERO DE 2024 | P283: KM RECORRIDOS EN SERVICIO RESTO EXPEDICIONES SUPLEMENTARIAS DE AGOSTO DE 2022 A ENERO DE 2024 | Q283: % KM MINIMO CONCESIONAL SOBRE TOTAL KM RECORRIDOS | R283: % KM TOTAL CONCESION SOBRE TOTAL KM RECORRIDOS
A284: 1 | Q284: =+IF(D284="","",O284/N284) | R284: =+IF(D284="","",(O284+P284)/N284)
A285: 2 | Q285: =+IF(D285="","",O285/N285) | R285: =+IF(D285="","",(O285+P285)/N285)
A286: 3 | Q286: =+IF(D286="","",O286/N286) | R286: =+IF(D286="","",(O286+P286)/N286)
A287: 4 | Q287: =+IF(D287="","",O287/N287) | R287: =+IF(D287="","",(O287+P287)/N287)
A288: 5 | Q288: =+IF(D288="","",O288/N288) | R288: =+IF(D288="","",(O288+P288)/N288)
A289: 6 | Q289: =+IF(D289="","",O289/N289) | R289: =+IF(D289="","",(O289+P289)/N289)
A290: 7 | Q290: =+IF(D290="","",O290/N290) | R290: =+IF(D290="","",(O290+P290)/N290)
A291: 8 | Q291: =+IF(D291="","",O291/N291) | R291: =+IF(D291="","",(O291+P291)/N291)
A292: 9 | Q292: =+IF(D292="","",O292/N292) | R292: =+IF(D292="","",(O292+P292)/N292)
A293: 10 | Q293: =+IF(D293="","",O293/N293) | R293: =+IF(D293="","",(O293+P293)/N293)
A294: 11 | Q294: =+IF(D294="","",O294/N294) | R294: =+IF(D294="","",(O294+P294)/N294)
A295: 12 | Q295: =+IF(D295="","",O295/N295) | R295: =+IF(D295="","",(O295+P295)/N295)
... A363: 80 | Q363: =+IF(D363="","",O363/N363) | R363: =+IF(D363="","",(O363+P363)/N363)
N364: =SUM(N284:N363) -> 0 | O364: =SUM(O284:O363) -> 0 | P364: =SUM(P284:P363) -> 0 | Q364: =+P364/O364 -> #DIV/0! | R364: =+IF(D364="","",(O364+P364)/N364)
B365: Se expondrá el plan previsto para llevar a cabo la amortización económica de los vehículos, facilitando los siguientes datos
B367: VEHÍCULO | C367: MATRICULA | D367: PRECIO DE ADQUISIÓN (SIN IVA) | E367: PLAZO DE AMORTIZACIÓN (AÑOS) | F367: VALOR RESIDUAL (SIN IVA)
B368: =+IF(B284="","",B284) | C368: =+IF(C284="","",C284)
B369: =+IF(B285="","",B285) | C369: =+IF(C285="","",C285)
B370: =+IF(B286="","",B286) | C370: =+IF(C286="","",C286)
B371: =+IF(B287="","",B287) | C371: =+IF(C287="","",C287)
B372: =+IF(B288="","",B288) | C372: =+IF(C288="","",C288)
B373: =+IF(B289="","",B289) | C373: =+IF(C289="","",C289)
B374: =+IF(B290="","",B290) | C374: =+IF(C290="","",C290)
B375: =+IF(B291="","",B291) | C375: =+IF(C291="","",C291)
B376: =+IF(B292="","",B292) | C376: =+IF(C292="","",C292)
B377: =+IF(B293="","",B293) | C377: =+IF(C293="","",C293)
B378: =+IF(B294="","",B294) | C378: =+IF(C294="","",C294)
B379: =+IF(B295="","",B295) | C379: =+IF(C295="","",C295)
... B447: =+IF(B363="","",B363) | C447: =+IF(C363="","",C363)
B448: Si los vehículos han sido subvencionados por el Gobierno de Aragón o cualquier otra entidad en su adquisición, se indicará el importe de la subvención, la fecha de la concesión, el nombre de la entidad y el concepto por la que fue concedida.
B450: VEHÍCULO | C450: MATRICULA | D450: ENTIDAD | E450: FECHA | F450: IMPORTE | G450: CONCEPTO
B451: =+IF(B284="","",B284) | C451: =+IF(C284="","",C284)
B452: =+IF(B285="","",B285) | C452: =+IF(C285="","",C285)
B453: =+IF(B286="","",B286) | C453: =+IF(C286="","",C286)
B454: =+IF(B287="","",B287) | C454: =+IF(C287="","",C287)
B455: =+IF(B288="","",B288) | C455: =+IF(C288="","",C288)
B456: =+IF(B289="","",B289) | C456: =+IF(C289="","",C289)
B457: =+IF(B290="","",B290) | C457: =+IF(C290="","",C290)
B458: =+IF(B291="","",B291) | C458: =+IF(C291="","",C291)
B459: =+IF(B292="","",B292) | C459: =+IF(C292="","",C292)
B460: =+IF(B293="","",B293) | C460: =+IF(C293="","",C293)
B461: =+IF(B294="","",B294) | C461: =+IF(C294="","",C294)
B462: =+IF(B295="","",B295) | C462: =+IF(C295="","",C295)
... B510: =+IF(B343="","",B343) | C510: =+IF(C343="","",C343)
B511: =+IF(B344="","",B344) | C511: =+IF(C345="","",C345)
B512: =+IF(B345="","",B345) | C512: =+IF(C346="","",C346)
B513: =+IF(B346="","",B346) | C513: =+IF(C347="","",C347)
B514: =+IF(B347="","",B347) | C514: =+IF(C348="","",C348)
B515: =+IF(B348="","",B348) | C515: =+IF(C349="","",C349)
B516: =+IF(B349="","",B349) | C516: =+IF(C350="","",C350)
B517: =+IF(B350="","",B350) | C517: =+IF(C351="","",C351)
B518: =+IF(B351="","",B351) | C518: =+IF(C352="","",C352)
B519: =+IF(B352="","",B352) | C519: =+IF(C353="","",C353)
B520: =+IF(B353="","",B353) | C520: =+IF(C354="","",C354)
B521: =+IF(B354="","",B354) | C521: =+IF(C355="","",C355)
B522: =+IF(B355="","",B355) | C522: =+IF(C356="","",C356)
... B529: =+IF(B362="","",B362) | C529: =+IF(C363="","",C363)
B532: B.5. HORAS DE EJECUCIÓN DE LOS SERVICIOS
B534: En los cuadros siguientes se indicarán las horas correspondientes a la ejecución de los servicios, distinguiendo si están o no incluidos en el mínimo contractual, detallando los días de las expediciones y las horas complementarias. Se indicarán los días de operación con arreglo al calendario del periodo de agosto de 2022 a enero de 2024.
B536: HORAS CORRESPONDIENTES A LA EJECUCIÓN DE LOS SERVICIOS PERIODO DE AGOSTO DE 2022 A ENERO DE 2024
B538: NOMBRE EXPEDICIÓN | C538: MINIMO CONCESIONAL (SI/NO) | D538: HORA SALIDA | E538: HORA LLEGADA | F538: DIAS OPERACIÓN (TEXTO) | G538: HORAS/DIA | H538: Nº DIAS TOTALES OPERADOS DE AGOSTO DE 2022 A ENERO DE 2024 | I538: HORAS EJECUCIÓN MINIMO CONCESIONAL DE AGOSTO DE 2022 A ENERO DE 2024 | K538: HORAS EJECUCIÓN TOTAL DE AGOSTO DE 2022 A ENERO DE 2024
A539: 1 | G539: =+IF(C539="SI",(E539-D539)*24,0) -> 0 | I539: =+ROUND(G539*H539,2) -> 0 | K539: =+IF(B539="","",ROUND((E539-D539)*24*H539,2))
...

Sheet C - COSTES DE LA EXPLOTACIÓN
B2: C.1. COMBUSTIBLE Y LUBRICANTES
B4: Se determinará en función de los kilómetros recorridos por cada vehiculo adscrito. El coste del combustible se incluirá sin IVA y deduciendo el descuento que se haya obtenido en su compra. Se considerará como coste de lubricante el 10% del coste de combustible
B6: MATRICULA VEHÍCULO | C6: KM RECORRIDOS MINIMO CONCESIONAL | D6: CONSUMO L/100 KM | E6: PROMEDIO PRECIO LITRO GASOIL (SIN IVA Y CON DESCUENTO) | F6: TOTAL EUROS
A7: 1 | B7: =+IF('B - DATOS CONTRATO GESTIÓN'!C284="","",'B - DATOS CONTRATO GESTIÓN'!C284) | C7: =+IF(B7="","",'B - DATOS CONTRATO GESTIÓN'!O284) | D7: =+IF(B7="","",'B - DATOS CONTRATO GESTIÓN'!M284) | F7: =+IF(B7="","",(C7/100)*D7*E7)
A8: 2 | B8: =+IF('B - DATOS CONTRATO GESTIÓN'!C285="","",'B - DATOS CONTRATO GESTIÓN'!C285) | C8: =+IF(B8="","",'B - DATOS CONTRATO GESTIÓN'!O285) | D8: =+IF(B8="","",'B - DATOS CONTRATO GESTIÓN'!M285) | F8: =+IF(B8="","",(C8/100)*D8*E8)
A9: 3 | B9: =+IF('B - DATOS CONTRATO GESTIÓN'!C286="","",'B - DATOS CONTRATO GESTIÓN'!C286) | C9: =+IF(B9="","",'B - DATOS CONTRATO GESTIÓN'!O286) | D9: =+IF(B9="","",'B - DATOS CONTRATO GESTIÓN'!M286) | F9: =+IF(B9="","",(C9/100)*D9*E9)
A10: 4 | B10: =+IF('B - DATOS CONTRATO GESTIÓN'!C287="","",'B - DATOS CONTRATO GESTIÓN'!C287) | C10: =+IF(B10="","",'B - DATOS CONTRATO GESTIÓN'!O287) | D10: =+IF(B10="","",'B - DATOS CONTRATO GESTIÓN'!M287) | F10: =+IF(B10="","",(C10/100)*D10*E10)
A11: 5 | B11: =+IF('B - DATOS CONTRATO GESTIÓN'!C288="","",'B - DATOS CONTRATO GESTIÓN'!C288) | C11: =+IF(B11="","",'B - DATOS CONTRATO GESTIÓN'!O288) | D11: =+IF(B11="","",'B - DATOS CONTRATO GESTIÓN'!M288) | F11: =+IF(B11="","",(C11/100)*D11*E11)
A12: 6 | B12: =+IF('B - DATOS CONTRATO GESTIÓN'!C289="","",'B - DATOS CONTRATO GESTIÓN'!C289) | C12: =+IF(B12="","",'B - DATOS CONTRATO GESTIÓN'!O289) | D12: =+IF(B12="","",'B - DATOS CONTRATO GESTIÓN'!M289) | F12: =+IF(B12="","",(C12/100)*D12*E12)
A13: 7 | B13: =+IF('B - DATOS CONTRATO GESTIÓN'!C290="","",'B - DATOS CONTRATO GESTIÓN'!C290) | C13: =+IF(B13="","",'B - DATOS CONTRATO GESTIÓN'!O290) | D13: =+IF(B13="","",'B - DATOS CONTRATO GESTIÓN'!M290) | F13: =+IF(B13="","",(C13/100)*D13*E13)
A14: 8 | B14: =+IF('B - DATOS CONTRATO GESTIÓN'!C291="","",'B - DATOS CONTRATO GESTIÓN'!C291) | C14: =+IF(B14="","",'B - DATOS CONTRATO GESTIÓN'!O291) | D14: =+IF(B14="","",'B - DATOS CONTRATO GESTIÓN'!M291) | F14: =+IF(B14="","",(C14/100)*D14*E14)
A15: 9 | B15: =+IF('B - DATOS CONTRATO GESTIÓN'!C292="","",'B - DATOS CONTRATO GESTIÓN'!C292) | C15: =+IF(B15="","",'B - DATOS CONTRATO GESTIÓN'!O292) | D15: =+IF(B15="","",'B - DATOS CONTRATO GESTIÓN'!M292) | F15: =+IF(B15="","",(C15/100)*D15*E15)
A16: 10 | B16: =+IF('B - DATOS CONTRATO GESTIÓN'!C293="","",'B - DATOS CONTRATO GESTIÓN'!C293) | C16: =+IF(B16="","",'B - DATOS CONTRATO GESTIÓN'!O293) | D16: =+IF(B16="","",'B - DATOS CONTRATO GESTIÓN'!M293) | F16: =+IF(B16="","",(C16/100)*D16*E16)
A17: 11 | B17: =+IF('B - DATOS CONTRATO GESTIÓN'!C294="","",'B - DATOS CONTRATO GESTIÓN'!C294) | C17: =+IF(B17="","",'B - DATOS CONTRATO GESTIÓN'!O294) | D17: =+IF(B17="","",'B - DATOS CONTRATO GESTIÓN'!M294) | F17: =+IF(B17="","",(C17/100)*D17*E17)
A18: 12 | B18: =+IF('B - DATOS CONTRATO GESTIÓN'!C295="","",'B - DATOS CONTRATO GESTIÓN'!C295) | C18: =+IF(B18="","",'B - DATOS CONTRATO GESTIÓN'!O295) | D18: =+IF(B18="","",'B - DATOS CONTRATO GESTIÓN'!M295) | F18: =+IF(B18="","",(C18/100)*D18*E18)
... A86: 80 | B86: =+IF('B - DATOS CONTRATO GESTIÓN'!C363="","",'B - DATOS CONTRATO GESTIÓN'!C363) | C86: =+IF(B86="","",'B - DATOS CONTRATO GESTIÓN'!O363) | D86: =+IF(B86="","",'B - DATOS CONTRATO GESTIÓN'!M363) | F86: =+IF(B86="","",(C86/100)*D86*E86)
B87: TOTAL COMBUSTIBLE | F87: =SUM(F7:F86) -> 0
B88: TOTAL LUBRICANTES (10% COSTE COMBUSTIBLE) | F88: =+F87*0.1 -> 0
B89: TOTAL | F89: =+F88+F87 -> 0
B92: C.2. NEUMÁTICOS
B94: La incidencia del coste en neumáticos se determinará en función del valor de los neumáticos sin IVA y deducido el descuento de la unidad (cubierta con o sin cámara), de la vida útil expresada en kilómetros y de los kilómetros recorridos en la prestación del servicio
B96: MATRICULA VEHÍCULO | C96: KM RECORRIDOS MINIMO CONCESIONAL | D96: TIPO (SERIE) DE NEUMÁTICOS EMPLEADOS | E96: PROMEDIO COSTE UNIDAD (SIN IVA Y CON DESCUENTO) | F96: PROMEDIO COSTE JUEGO COMPLETO | G96: PROMEDIO VIDA ÚTIL (KM) | H96: COSTE EUROS/KM | I96: TOTAL EUROS
A97: 1 | B97: =+B7 | C97: =+C7 | D97: =+IF(B97="","",'B - DATOS CONTRATO GESTIÓN'!L284) | F97: =+IF(C97="","",E97*'B - DATOS CONTRATO GESTIÓN'!K284) | H97: =+IF(C97="","",F97/G97) | I97: =+IF(B97="","",C97*H97)
A98: 2 | B98: =+B8 | C98: =+C8 | D98: =+IF(B98="","",'B - DATOS CONTRATO GESTIÓN'!L285) | F98: =+IF(C98="","",E98*'B - DATOS CONTRATO GESTIÓN'!K285) | H98: =+IF(C98="","",F98/G98) | I98: =+IF(B98="","",C98*H98)
A99: 3 | B99: =+B9 | C99: =+C9 | D99: =+IF(B99="","",'B - DATOS CONTRATO GESTIÓN'!L286) | F99: =+IF(C99="","",E99*'B - DATOS CONTRATO GESTIÓN'!K286) | H99: =+IF(C99="","",F99/G99) | I99: =+IF(B99="","",C99*H99)
A100: 4 | B100: =+B10 | C100: =+C10 | D100: =+IF(B100="","",'B - DATOS CONTRATO GESTIÓN'!L287) | F100: =+IF(C100="","",E100*'B - DATOS CONTRATO GESTIÓN'!K287) | H100: =+IF(C100="","",F100/G100) | I100: =+IF(B100="","",C100*H100)
A101: 5 | B101: =+B11 | C101: =+C11 | D101: =+IF(B101="","",'B - DATOS CONTRATO GESTIÓN'!L288) | F101: =+IF(C101="","",E101*'B - DATOS CONTRATO GESTIÓN'!K288) | H101: =+IF(C101="","",F101/G101) | I101: =+IF(B101="","",C101*H101)
A102: 6 | B102: =+B12 | C102: =+C12 | D102: =+IF(B102="","",'B - DATOS CONTRATO GESTIÓN'!L289) | F102: =+IF(C102="","",E102*'B - DATOS CONTRATO GESTIÓN'!K289) | H102: =+IF(C102="","",F102/G102) | I102: =+IF(B102="","",C102*H102)
A103: 7 | B103: =+B13 | C103: =+C13 | D103: =+IF(B103="","",'B - DATOS CONTRATO GESTIÓN'!L290) | F103: =+IF(C103="","",E103*'B - DATOS CONTRATO GESTIÓN'!K290) | H103: =+IF(C103="","",F103/G103) | I103: =+IF(B103="","",C103*H103)
A104: 8 | B104: =+B14 | C104: =+C14 | D104: =+IF(B104="","",'B - DATOS CONTRATO GESTIÓN'!L291) | F104: =+IF(C104="","",E104*'B - DATOS CONTRATO GESTIÓN'!K291) | H104: =+IF(C104="","",F104/G104) | I104: =+IF(B104="","",C104*H104)
A105: 9 | B105: =+B15 | C105: =+C15 | D105: =+IF(B105="","",'B - DATOS CONTRATO GESTIÓN'!L292) | F105: =+IF(C105="","",E105*'B - DATOS CONTRATO GESTIÓN'!K292) | H105: =+IF(C105="","",F105/G105) | I105: =+IF(B105="","",C105*H105)
A106: 10 | B106: =+B16 | C106: =+C16 | D106: =+IF(B106="","",'B - DATOS CONTRATO GESTIÓN'!L293) | F106: =+IF(C106="","",E106*'B - DATOS CONTRATO GESTIÓN'!K293) | H106: =+IF(C106="","",F106/G106) | I106: =+IF(B106="","",C106*H106)
A107: 11 | B107: =+B17 | C107: =+C17 | D107: =+IF(B107="","",'B - DATOS CONTRATO GESTIÓN'!L294) | F107: =+IF(C107="","",E107*'B - DATOS CONTRATO GESTIÓN'!K294) | H107: =+IF(C107="","",F107/G107) | I107: =+IF(B107="","",C107*H107)
A108: 12 | B108: =+B18 | C108: =+C18 | D108: =+IF(B108="","",'B - DATOS CONTRATO GESTIÓN'!L295) | F108: =+IF(C108="","",E108*'B - DATOS CONTRATO GESTIÓN'!K295) | H108: =+IF(C108="","",F108/G108) | I108: =+IF(B108="","",C108*H108)
... A176: 80 | B176: =+B86 | C176: =+C86 | D176: =+IF(B176="","",'B - DATOS CONTRATO GESTIÓN'!L363) | F176: =+IF(C176="","",E176*'B - DATOS CONTRATO GESTIÓN'!K363) | H176: =+IF(C176="","",F176/G176) | I176: =+IF(B176="","",C176*H176)
B177: TOTAL COSTE NEUMÁTICOS | I177: =SUM(I97:I176) -> 0
B179: C.3. REPARACIONES Y MANTENIMIENTO
B181: En función de las características de cada vehículo y del servicio prestado el solicitante propondrá unos costes medios por kilómetro en concepto de reparaciones y mantenimiento de los vehículos
B183: MATRICULA VEHÍCULO | C183: KM RECORRIDOS MINIMO CONCESIONAL | D183: COSTE MEDIO REPARACIONES Y MANTENIMIENTO POR KM | E183: TOTAL EUROS
A184: 1 | B184: =+B7 | C184: =+C7 | E184: =+IF(B184="","",D184*C184)
A185: 2 | B185: =+B8 | C185: =+C8 | E185: =+IF(B185="","",D185*C185)
A186: 3 | B186: =+B9 | C186: =+C9 | E186: =+IF(B186="","",D186*C186)
A187: 4 | B187: =+B10 | C187: =+C10 | E187: =+IF(B187="","",D187*C187)
A188: 5 | B188: =+B11 | C188: =+C11 | E188: =+IF(B188="","",D188*C188)
A189: 6 | B189: =+B12 | C189: =+C12 | E189: =+IF(B189="","",D189*C189)
A190: 7 | B190: =+B13 | C190: =+C13 | E190: =+IF(B190="","",D190*C190)
A191: 8 | B191: =+B14 | C191: =+C14 | E191: =+IF(B191="","",D191*C191)
A192: 9 | B192: =+B15 | C192: =+C15 | E192: =+IF(B192="","",D192*C192)
A193: 10 | B193: =+B16 | C193: =+C16 | E193: =+IF(B193="","",D193*C193)
A194: 11 | B194: =+B17 | C194: =+C17 | E194: =+IF(B194="","",D194*C194)
A195: 12 | B195: =+B18 | C195: =+C18 | E195: =+IF(B195="","",D195*C195)
... A263: 80 | B263: =+B86 | C263: =+C86 | E263: =+IF(B263="","",D263*C263)
B264: TOTAL COSTE REPARACIONES Y MANTENIMIENTO | E264: =SUM(E184:E263) -> 0
B267: C.4. PERSONAL DE CONDUCCIÓN
B269: Para cada uno de los conductores que hayan prestado servicio en la concesión objeto de solicitud de subvención e introducidos en la Tabla B.3., se introducirán las horas imputadas a dicho contrato (horas de ejecución y complementarias), los costes salariales imputado por ese concepto y los costes de cotización a la Seguridad Social imputados.
B271: CONDUCTOR | C271: DNI | D271: HORAS TOTAL DE TRABAJO DE AGOSTO DE 2022 A ENERO DE 2024 | E271: HORAS IMPUTADAS AL CONTRATO (TOTAL) DE AGOSTO DE 2022 A ENERO DE 2024 | F271: HORAS IMPUTADAS AL CONTRATO (MINIMO CONCESIONAL) DE AGOSTO DE 2022 A ENERO DE 2024 | G271: % HORAS IMPUTADAS AL CONTRATO DEDICADAS AL MINIMO CONCESIONAL | H271: COSTE SALARIAL IMPUTADO AL CONTRATO (TOTAL) DE AGOSTO DE 2022 A ENERO DE 2024 | I271: COSTE S.S. IMPUTADO AL CONTRATO (TOTAL) DE AGOSTO DE 2022 A ENERO DE 2024 | J271: COSTE TOTAL IMPUTADO AL CONTRATO (MINIMO CONCESIONAL) DE AGOSTO DE 2022 A ENERO DE 2024 | K271: COSTE TOTAL POR HORA (MINIMO CONCESIONAL)
A272: 1 | B272: =+IF('B - DATOS CONTRATO GESTIÓN'!B78="","",'B - DATOS CONTRATO GESTIÓN'!B78) | C272: =+IF('B - DATOS CONTRATO GESTIÓN'!C78="","",'B - DATOS CONTRATO GESTIÓN'!C78) | D272: =+IF(B272="","",V891) | G272: =+IF(B272="","",F272/E272) | J272: =+IF(B272="","",(H272+I272)*G272) | K272: =+IF(B272="","",J272/F272)
A273: 2 | B273: =+IF('B - DATOS CONTRATO GESTIÓN'!B79="","",'B - DATOS CONTRATO GESTIÓN'!B79) | C273: =+IF('B - DATOS CONTRATO GESTIÓN'!C79="","",'B - DATOS CONTRATO GESTIÓN'!C79) | D273: =+IF(B273="","",V892) | G273: =+IF(B273="","",F273/E273) | J273: =+IF(B273="","",(H273+I273)*G273) | K273: =+IF(B273="","",J273/F273)
A274: 3 | B274: =+IF('B - DATOS CONTRATO GESTIÓN'!B80="","",'B - DATOS CONTRATO GESTIÓN'!B80) | C274: =+IF('B - DATOS CONTRATO GESTIÓN'!C80="","",'B - DATOS CONTRATO GESTIÓN'!C80) | D274: =+IF(B274="","",V893) | G274: =+IF(B274="","",F274/E274) | J274: =+IF(B274="","",(H274+I274)*G274) | K274: =+IF(B274="","",J274/F274)
A275: 4 | B275: =+IF('B - DATOS CONTRATO GESTIÓN'!B81="","",'B - DATOS CONTRATO GESTIÓN'!B81) | C275: =+IF('B - DATOS CONTRATO GESTIÓN'!C81="","",'B - DATOS CONTRATO GESTIÓN'!C81) | D275: =+IF(B275="","",V894) | G275: =+IF(B275="","",F275/E275) | J275: =+IF(B275="","",(H275+I275)*G275) | K275: =+IF(B275="","",J275/F275)
A276: 5 | B276: =+IF('B - DATOS CONTRATO GESTIÓN'!B82="","",'B - DATOS CONTRATO GESTIÓN'!B82) | C276: =+IF('B - DATOS CONTRATO GESTIÓN'!C82="","",'B - DATOS CONTRATO GESTIÓN'!C82) | D276: =+IF(B276="","",V895) | G276: =+IF(B276="","",F276/E276) | J276: =+IF(B276="","",(H276+I276)*G276) | K276: =+IF(B276="","",J276/F276)
A277: 6 | B277: =+IF('B - DATOS CONTRATO GESTIÓN'!B83="","",'B - DATOS CONTRATO GESTIÓN'!B83) | C277: =+IF('B - DATOS CONTRATO GESTIÓN'!C83="","",'B - DATOS CONTRATO GESTIÓN'!C83) | D277: =+IF(B277="","",V896) | G277: =+IF(B277="","",F277/E277) | J277: =+IF(B277="","",(H277+I277)*G277) | K277: =+IF(B277="","",J277/F277)
A278: 7 | B278: =+IF('B - DATOS CONTRATO GESTIÓN'!B84="","",'B - DATOS CONTRATO GESTIÓN'!B84) | C278: =+IF('B - DATOS CONTRATO GESTIÓN'!C84="","",'B - DATOS CONTRATO GESTIÓN'!C84) | D278: =+IF(B278="","",V897) | G278: =+IF(B278="","",F278/E278) | J278: =+IF(B278="","",(H278+I278)*G278) | K278: =+IF(B278="","",J278/F278)
A279: 8 | B279: =+IF('B - DATOS CONTRATO GESTIÓN'!B85="","",'B - DATOS CONTRATO GESTIÓN'!B85) | C279: =+IF('B - DATOS CONTRATO GESTIÓN'!C85="","",'B - DATOS CONTRATO GESTIÓN'!C85) | D279: =+IF(B279="","",V898) | G279: =+IF(B279="","",F279/E279) | J279: =+IF(B279="","",(H279+I279)*G279) | K279: =+IF(B279="","",J279/F279)
A280: 9 | B280: =+IF('B - DATOS CONTRATO GESTIÓN'!B86="","",'B - DATOS CONTRATO GESTIÓN'!B86) | C280: =+IF('B - DATOS CONTRATO GESTIÓN'!C86="","",'B - DATOS CONTRATO GESTIÓN'!C86) | D280: =+IF(B280="","",V899) | G280: =+IF(B280="","",F280/E280) | J280: =+IF(B280="","",(H280+I280)*G280) | K280: =+IF(B280="","",J280/F280)
A281: 10 | B281: =+IF('B - DATOS CONTRATO GESTIÓN'!B87="","",'B - DATOS CONTRATO GESTIÓN'!B87) | C281: =+IF('B - DATOS CONTRATO GESTIÓN'!C87="","",'B - DATOS CONTRATO GESTIÓN'!C87) | D281: =+IF(B281="","",V900) | G281: =+IF(B281="","",F281/E281) | J281: =+IF(B281="","",(H281+I281)*G281) | K281: =+IF(B281="","",J281/F281)
A282: 11 | B282: =+IF('B - DATOS CONTRATO GESTIÓN'!B88="","",'B - DATOS CONTRATO GESTIÓN'!B88) | C282: =+IF('B - DATOS CONTRATO GESTIÓN'!C88="","",'B - DATOS CONTRATO GESTIÓN'!C88) | D282: =+IF(B282="","",V901) | G282: =+IF(B282="","",F282/E282) | J282: =+IF(B282="","",(H282+I282)*G282) | K282: =+IF(B282="","",J282/F282)
A283: 12 | B283: =+IF('B - DATOS CONTRATO GESTIÓN'!B89="","",'B - DATOS CONTRATO GESTIÓN'!B89) | C283: =+IF('B - DATOS CONTRATO GESTIÓN'!C89="","",'B - DATOS CONTRATO GESTIÓN'!C89) | D283: =+IF(B283="","",V902) | G283: =+IF(B283="","",F283/E283) | J283: =+IF(B283="","",(H283+I283)*G283) | K283: =+IF(B283="","",J283/F283)
... A471: 200 | B471: =+IF('B - DATOS CONTRATO GESTIÓN'!B277="","",'B - DATOS CONTRATO GESTIÓN'!B277) | C471: =+IF('B - DATOS CONTRATO GESTIÓN'!C277="","",'B - DATOS CONTRATO GESTIÓN'!C277) | D471: =+IF(B471="","",V1090) | G471: =+IF(B471="","",F471/E471) | J471: =+IF(B471="","",(H471+I471)*G471) | K471: =+IF(B471="","",J471/F471)
B472: SUBTOTAL | D472: =SUM(D272:D471) -> 0 | E472: =SUM(E272:E471) -> 0 | F472: =SUM(F272:F471) -> 0 | H472: =SUM(H272:H471) -> 0 | I472: =SUM(I272:I471) -> 0 | J472: =SUM(J272:J471) -> 0 | K472: =+J472/F472 -> #DIV/0!
B473: TOTAL DIETAS PERSONAL CONDUCCIÓN IMPUTABLES
B474: TOTAL COSTE PERSONAL DE CONDUCCIÓN | I474: =+I473+J472 -> 0
B476: Para conocimiento de la Administración se incluirán inexcusablemente los siguientes cuadros (bases de cotización, horas y días) debiendo introducir los valores en euros a reflejar en el cuadro para cada conductor asalariado y mes que serán los que figuren en los boletines TC2 de la Tesorería General de la Seguridad Social como base de cotización de contingencias comunes. Los valores en euros para conductores autónomos se tomarán de los justificantes de pago de cuotas por el régimen especial de autónomos. En case de devengarse dietas, horas extras, pluses, convenio, ayudas para comida, o cualquier otra percepción por concepto en este apartado, podrán especificarse con aportación de los debidos justificantes y de los convenios laborales que rijan en la empresa.
B480: CONDUCTOR | C480: DNI | D480: 44774 | E480: 44805 | F480: 44835 | G480: 44866 | H480: 44896 | I480: 44927 | J480: 44958 | K480: 44986 | L480: 45017 | M480: 45047 | N480: 45078 | O480: 45108 | P480: 45139 | Q480: 45170 | R480: 45200 | S480: 45231 | T480: 45261 | U480: 45292 | V480: TOTAL
A481: 1 | B481: =+B272 | C481: =+C272 | V481: =IF(B481="","",SUM(D481:U481))
A482: 2 | B482: =+B273 | C482: =+C273 | V482: =IF(B482="","",SUM(D482:U482))
A483: 3 | B483: =+B274 | C483: =+C274 | V483: =IF(B483="","",SUM(D483:U483))
A484: 4 | B484: =+B275 | C484: =+C275 | V484: =IF(B484="","",SUM(D484:U484))
A485: 5 | B485: =+B276 | C485: =+C276 | V485: =IF(B485="","",SUM(D485:U485))
A486: 6 | B486: =+B277 | C486: =+C277 | V486: =IF(B486="","",SUM(D486:U486))
A487: 7 | B487: =+B278 | C487: =+C278 | V487: =IF(B487="","",SUM(D487:U487))
A488: 8 | B488: =+B279 | C488: =+C279 | V488: =IF(B488="","",SUM(D488:U488))
A489: 9 | B489: =+B280 | C489: =+C280 | V489: =IF(B489="","",SUM(D489:U489))
A490: 10 | B490: =+B281 | C490: =+C281 | V490: =IF(B490="","",SUM(D490:U490))
A491: 11 | B491: =+B282 | C491: =+C282 | V491: =IF(B491="","",SUM(D491:U491))
A492: 12 | B492: =+B283 | C492: =+C283 | V492: =IF(B492="","",SUM(D492:U492))
... A680: 200 | B680: =+B471 | C680: =+C471 | V680: =IF(B680="","",SUM(D680:U680))
B682: DIAS DE ALTA
B685: CONDUCTOR | C685: DNI | D685: 44774 | E685: 44805 | F685: 44835 | G685: 44866 | H685: 44896 | I685: 44927 | J685: 44958 | K685: 44986 | L685: 45017 | M685: 45047 | N685: 45078 | O685: 45108 | P685: 45139 | Q685: 45170 | R685: 45200 | S685: 45231 | T685: 45261 | U685: 45292 | V685: TOTAL
A686: 1 | B686: =+B272 | C686: =+C272 | V686: =IF(B686="","",SUM(D686:U686))
A687: 2 | B687: =+B273 | C687: =+C273 | V687: =IF(B687="","",SUM(D687:U687))
A688: 3 | B688: =+B274 | C688: =+C274 | V688: =IF(B688="","",SUM(D688:U688))
A689: 4 | B689: =+B275 | C689: =+C275 | V689: =IF(B689="","",SUM(D689:U689))
A690: 5 | B690: =+B276 | C690: =+C276 | V690: =IF(B690="","",SUM(D690:U690))
A691: 6 | B691: =+B277 | C691: =+C277 | V691: =IF(B691="","",SUM(D691:U691))
A692: 7 | B692: =+B278 | C692: =+C278 | V692: =IF(B692="","",SUM(D692:U692))
A693: 8 | B693: =+B279 | C693: =+C279 | V693: =IF(B693="","",SUM(D693:U693))
A694: 9 | B694: =+B280 | C694: =+C280 | V694: =IF(B694="","",SUM(D694:U694))
A695: 10 | B695: =+B281 | C695: =+C281 | V695: =IF(B695="","",SUM(D695:U695))
A696: 11 | B696: =+B282 | C696: =+C282 | V696: =IF(B696="","",SUM(D696:U696))
...

Sheet D - INGRESOS
A2: D. INGRESOS PERIODO DE AGOSTO DE 2022 A ENERO DE 2024
A4: INGRESOS BILLETES VIAJEROS (EXPEDICIONES MÍNIMO CONCESIONAL)
A5: INGRESOS BILLETES VIAJEROS (EXPEDICIONES SUPLEMENTARIAS)
A6: INGRESOS RESERVA DE PLAZA DE ESCOLARES (EXP. MÍNIMO CONCESIONAL)
A7: INGRESOS RESERVA DE PLAZA DE ESCOLARES (EXP. SUPLEMENTARIAS)
A8: INGRESOS EQUIPAJES Y PAQUETERÍA (EXP. MÍNIMO CONCESIONAL)
A9: INGRESOS EQUIPAJES Y PAQUETERÍA (EXP. SUPLEMENTARIAS)
A10: OTROS INGRESOS: AYUDAS ABONOS AL TRANSPORTE, OTRAS SUBVENCIONES PARA LA EXPLOTACIÓN, ETC. (EXP. MÍNIMO CONCESIONAL)
A11: OTROS INGRESOS: AYUDAS ABONOS AL TRANSPORTE, OTRAS SUBVENCIONES PARA LA EXPLOTACIÓN, ETC. (EXP. SUPLEMENTARIAS)
A13: TOTAL INGRESOS | B13: =SUM(B4:B11) -> 0

Sheet E - ANÁLISIS ECONÓMICO
A2: E. ANÁLISIS ECONÓMICO DE LA PRESTACIÓN DEL SERVICIO. MÍNIMO CONCESIONAL DE AGOSTO DE 2022 A ENERO DE 2024
A4: PRESTADOR | B4: ='A - DATOS GENERALES'!B4 -> 0
A5: SERVICIO PÚBLICO REGULAR DE USO GENERAL | B5: =+'B - DATOS CONTRATO GESTIÓN'!C4 -> 0
A6: NOMBRE SERVICIO | B6: =+'B - DATOS CONTRATO GESTIÓN'!C5 -> 0
A8: KILÓMETROS SERVICIO DE AGOSTO DE 2022 A ENERO DE 2024 (MINIMO CONCESIONAL) | B8: =+'B - DATOS CONTRATO GESTIÓN'!H859 -> 0
A11: COSTES
C12: %
A13: COMBUSTIBLES Y LUBRICANTES | B13: =+'C - COSTES DE LA EXPLOTACIÓN'!F89 -> 0 | C13: =+B13/$B$24 -> #DIV/0!
A14: NEUMÁTICOS | B14: =+'C - COSTES DE LA EXPLOTACIÓN'!I177 -> 0 | C14: =+B14/$B$24 -> #DIV/0!
A15: REPARACIONES Y CONSERVACIÓN | B15: =+'C - COSTES DE LA EXPLOTACIÓN'!E264 -> 0 | C15: =+B15/$B$24 -> #DIV/0!
A16: PERSONAL DE CONDUCCIÓN | B16: =+'C - COSTES DE LA EXPLOTACIÓN'!J472 -> 0 | C16: =+B16/$B$24 -> #DIV/0!
A17: DIETAS DEL PERSONAL DE CONDUCCIÓN | B17: =+'C - COSTES DE LA EXPLOTACIÓN'!I473 -> 0 | C17: =+B17/$B$24 -> #DIV/0!
A18: AMORTIZACIÓN | B18: =+'C - COSTES DE LA EXPLOTACIÓN'!K1178 -> 0 | C18: =+B18/$B$24 -> #DIV/0!
A19: FINANCIACIÓN | B19: =+'C - COSTES DE LA EXPLOTACIÓN'!H1266 -> 0 | C19: =+B19/$B$24 -> #DIV/0!
A20: SEGUROS | B20: =+'C - COSTES DE LA EXPLOTACIÓN'!I1354 -> 0 | C20: =+B20/$B$24 -> #DIV/0!
A21: IMPUESTOS Y TASAS | B21: =+'C - COSTES DE LA EXPLOTACIÓN'!I1442 -> 0 | C21: =+B21/$B$24 -> #DIV/0!
A22: GASTOS GENERALES DE LA EMPRESA | B22: =+'C - COSTES DE LA EXPLOTACIÓN'!C1501 -> #DIV/0! | C22: =+B22/$B$24 -> #DIV/0!
A24: TOTAL COSTES DE AGOSTO DE 2022 A ENERO DE 2024 (MINIMO CONCESIONAL) | B24: =SUM(B13:B22) -> #DIV/0! | C24: =SUM(C13:C22) -> #DIV/0!
A27: INGRESOS
A29: =+'D - INGRESOS'!A4 -> INGRESOS BILLETES VIAJEROS (EXPEDICIONES MÍNIMO CONCESIONAL) | B29: =+'D - INGRESOS'!B4 -> 0
A30: =+'D - INGRESOS'!A6 -> INGRESOS RESERVA DE PLAZA DE ESCOLARES (EXP. MÍNIMO CONCESIONAL) | B30: =+'D - INGRESOS'!B6 -> 0
A31: =+'D - INGRESOS'!A8 -> INGRESOS EQUIPAJES Y PAQUETERÍA (EXP. MÍNIMO CONCESIONAL) | B31: =+'D - INGRESOS'!B8 -> 0
A32: =+'D - INGRESOS'!A10 -> OTROS INGRESOS: AYUDAS ABONOS AL TRANSPORTE, OTRAS SUBVENCIONES PARA LA EXPLOTACIÓN, ETC. (EXP. MÍNIMO CONCESIONAL) | B32: =+'D - INGRESOS'!B10 -> 0
A34: TOTAL INGRESOS DE AGOSTO DE 2022 A ENERO DE 2024 (MINIMO CONCESIONAL) | B34: =+B29+B30+B31+B32 -> 0
A37: RESULTADO ECONÓMICO DE LA CONCESIÓN
A38: COSTES DE AGOSTO DE 2022 A ENERO DE 2024 | B38: =+B24 -> #DIV/0!
A39: INGRESOS DE AGOSTO DE 2022 A ENERO DE 2024 | B39: =+B34 -> 0
A40: DÉFICIT DE AGOSTO DE 2022 A ENERO DE 2024 | B40: =+B38-B39 -> #DIV/0!

Sheet F - DOCUMENTOS JUSTIFICANTES
A2: F. DOCUMENTACIÓN JUSTIFICANTE
A4: Junto con la memoria, la persona solicitante aportará los justificantes que se relacionan a continuación, sin perjuicio de que la Dirección General de Transportes pueda requerir documentación justificativa adicional y de la aportación por el solicitante de cualquiera otra que considere de interés:
A6: - Justificantes de las subvenciones recibidas por la prestación de servicio. - Justificantes de las subvenciones recibidas por las plazas reservadas para transporte escolar durante los meses de agosto de 2022 a enero de 2024. - Facturas de los costes de combustible, neumáticos y mantenimiento durante los meses de agosto de 2022 a enero de 2024 por la prestación del servicio para el que solicita la subvención. - Justificante de los costes salariales del personal de conducción: Nóminas, documentos de cotización, justificante de pago de cuotas por el régimen especial de autónomos, convenio laboral. - Facturas de adquisición de los vehículos sobre los que se imputan costes de amortización, plan de amortización, justificantes de subvenciones recibidas para la adquisición de los mismos. - Justificante los gastos financieros, pólizas de créditos y/o préstamos directamente vinculados a cada vehículo en el periodo de agosto de 2022 a enero de 2024. - Primas de seguros devengadas en el periodo de agosto de 2022 a enero de 2024 y documento justificativo de pago. - Justificante de los impuestos y tasas para cada vehículo devengados y contabilizados en el periodo de agosto de 2022 a enero de 2024 referenciados en el apartado B de esta memoria. - Justificante de los ingresos por billete de viajeros, equipajes y paquetería obtenidos durante los meses de agosto de 2022 a enero de 2024. Y reseñados en el apartado D de esta memoria y para el que solicita la subvención. - Archivo con la información de los discos-diagrama del primer y último día de servicio de los vehículos que realizan el servicio objeto de subvención. - En el caso de vehículos con tacógrafo digital, fichero que contenga el volcado de los datos almacenados en la memoria del tacógrafo y en la memoria de la tarjeta del conductor o conductores de los vehículos con los que se haya prestado el servicio.

Sheet CONTROL
A1: KM RECORRIDOS TOTALES CONCESIÓN | D1: KM RECORRIDOS (MINIMO CONCESIONAL)
A3: KM SERVICIO TABLA B.4. VEHICULOS | B3: =+'B - DATOS CONTRATO GESTIÓN'!O364+'B - DATOS CONTRATO GESTIÓN'!P364 -> 0 | D3: KM SERVICIO TABLA B.4. VEHICULOS | E3: =+'B - DATOS CONTRATO GESTIÓN'!O364 -> 0
A4: KM SERVICIO TABLA B.6. KM RECORRIDOS | B4: =+'B - DATOS CONTRATO GESTIÓN'!O859 -> 0 | D4: KM SERVICIO TABLA B.6. KM RECORRIDOS | E4: =+'B - DATOS CONTRATO GESTIÓN'!H859 -> 0
B5: =+IF(B3=B4,"OK","NO CUADRA") -> OK | E5: =+IF(E3=E4,"OK","NO CUADRA") -> OK
A7: HORAS IMPUTADAS AL CONTRATO TOTALES | D7: HORAS IMPUTADAS AL CONTRATO (MINIMO CONCESIONAL)
A9: HORAS EJECUCION SERVICIO TABLA B.5. | B9: =+'B - DATOS CONTRATO GESTIÓN'!K641 -> 0 | D9: HORAS EJECUCION SERVICIO TABLA B.5. | E9: =+'B - DATOS CONTRATO GESTIÓN'!I641 -> 0
A10: HORAS COMPLEMENTARIAS SERVICIO TABLA B.5. | B10: =+'B - DATOS CONTRATO GESTIÓN'!K749 -> 0 | D10: HORAS COMPLEMENTARIAS SERVICIO TABLA B.5. | E10: =+'B - DATOS CONTRATO GESTIÓN'!I749 -> 0
A11: SUMA | B11: =SUM(B9:B10) -> 0 | D11: SUMA | E11: =SUM(E9:E10) -> 0
A12: HORAS IMPUTADAS TABLA C.4. | B12: =+'C - COSTES DE LA EXPLOTACIÓN'!E472 -> 0 | D12: HORAS IMPUTADAS TABLA C.4. | E12: =+'C - COSTES DE LA EXPLOTACIÓN'!F472 -> 0
B13: =+IF(B9+B10=B12,"OK","NO CUADRA") -> OK | E13: =+IF(E9+E10=E12,"OK","NO CUADRA") -> OK
